 Dungeon Crawl Stone Soup version 0.30-a0-743-gbfdf073431 (webtiles) character file.

Game seed: 17605862064019066736

1411 Leeroy the Ducker (level 8, -9/38 HPs)
             Began as a Vine Stalker Warper on Feb 6, 2023.
             Was a Believer of Uskayaw.
             Mangled by an orc warrior
             ... wielding a +0 long sword
              (14 damage)
             ... on level 6 of the Dungeon.
             The game lasted 00:08:30 (5305 turns).

Leeroy the Ducker (Vine Stalker Warper)             Turns: 5305, Time: 00:08:30

Health: -9/38      AC:  7    Str: 20    XL:     8   Next: 70%
Magic:  0/12       EV: 15    Int: 19    God:    Uskayaw [**....]
Gold:   378        SH:  0    Dex: 16    Spells: 2/11 levels left

rFire   . . .      SeeInvis .    t - +0 dagger (vamp)
rCold   . . .      Faith    .    (no shield)
rNeg    . . .      Spirit   +    b - +0 leather armour
rPois   .          Reflect  .    (no helmet)
rElec   .          Harm     .    (no cloak)
rCorr   .          Rampage  .    l - +2 pair of gloves
Will    +....                    J - +0 pair of boots
Stlth   +                        h - amulet of the acrobat
HPRegen 1.06/turn                y - +6 ring of intelligence
MPRegen 0.13/turn                E - +6 ring of strength

@: no status effects
A: fangs 3, regeneration 1, magic shield, antimagic bite, no potion heal 2
a: Renounce Religion, Stomp, Line Pass


You were on level 6 of the Dungeon.
You worshipped Uskayaw.
Uskayaw was noncommittal.
You visited 2 branches of the dungeon, and saw 7 of its levels.

You collected 378 gold pieces.

Inventory:

Hand Weapons
 a - a +0 falchion
 m - a +0 dagger of venom
 t - a +0 vampiric dagger (weapon)
 z - a +2 short sword of protection
 K - a +0 long sword
Missiles
 d - 7 boomerangs of dispersal (quivered)
 i - 20 poisoned darts
 x - 10 javelins
Armour
 b - a +0 leather armour (worn)
 l - a +2 pair of gloves (worn)
 F - a +0 ring mail
 J - a +0 pair of boots (worn)
Jewellery
 h - an amulet of the acrobat (around neck)
 r - a ring of fire
 y - a +6 ring of intelligence (left hand)
 E - a +6 ring of strength (right hand)
Wands
 s - a wand of charming (15)
 B - a wand of polymorph (17)
 C - a wand of iceblast (10)
Scrolls
 c - a scroll of blinking
 e - 8 scrolls of identify {unknown}
 f - a scroll of amnesia {unknown}
 j - a scroll of acquirement {unknown}
 k - 4 scrolls of noise {unknown}
 o - 3 scrolls of teleportation {unknown}
 q - 2 scrolls of fog {unknown}
 A - a scroll of magic mapping {unknown}
 H - a scroll of fear {unknown}
 L - a scroll of enchant weapon {unknown}
 M - a scroll of poison {unknown}
Potions
 g - 3 potions of degeneration {unknown}
 n - a potion of haste {unknown}
 p - 2 potions of flight {unknown}
 u - a potion of cancellation {unknown}
 v - a potion of curing {unknown}
 w - a potion of magic {unknown}
 D - 2 potions of brilliance {unknown}
 G - a potion of attraction {unknown}
 I - a potion of mutation {unknown}


   Skills:
 - Level 1.7 Fighting
 + Level 6.1 Long Blades
 - Level 0.8 Throwing
 - Level 0.7 Armour
 - Level 7.0 Dodging
 - Level 2.1 Spellcasting
 - Level 3.0 Translocations


You had 2 spell levels left.
You knew the following spells:

 Your Spells              Type           Power      Damage    Failure   Level
a - Blink                 Tloc           26%        N/A       9%          2
b - Vhi's Electric Charg  Tloc/Air       14%        N/A       32%         3
c - Manifold Assault      Tloc           13%        N/A       50%         4

Your spell library contained the following spells:

 Spells                   Type           Power      Damage    Failure   Level
 Lesser Beckoning         Tloc           26%        N/A       9%          2
 Teleport Other           Tloc           13%        N/A       17%         3


Dungeon Overview and Level Annotations

Branches:
Dungeon (6/15)             Temple (1/1) D:4

Altars:
Ashenzari
Elyvilon
Fedhas
Gozag
Nemelex Xobeh
Qazlal
Sif Muna
Uskayaw
Wu Jian
Yredelemnul
Zin

Shops:
D:2 *


Innate Abilities, Weirdness & Mutations

You have razor-sharp teeth.
Your natural rate of healing is unusually fast.
When hurt, damage is shared between your health and your magic reserves.
Your bite disrupts and absorbs the magic of your enemies.
Potions cannot restore your health.


Message History

The orc warrior barely misses you.
You barely miss the orc warrior. Your bite misses the orc warrior.
The orc warrior is severely wounded.
You can no longer pass through a line of other dancers.
You closely miss the orc warrior.
You bite the orc warrior, but do no damage.
The orc warrior is severely wounded.
The orc warrior closely misses you.
You barely miss the orc warrior. You bite the orc warrior. You drain its power.
The orc warrior is severely wounded.
The orc priest mumbles some strange prayers to Beogh against you.
Beogh smites you!
The orc priest invokes the aid of Beogh against you.
Beogh smites you!
* * * LOW HITPOINT WARNING * * *
The orc warrior hits you with a +0 long sword!
* * * LOW HITPOINT WARNING * * *
You barely miss the orc warrior.
The orc warrior is severely wounded.
The orc warrior hits you with a +0 long sword.
* * * LOW HITPOINT WARNING * * *
You barely miss the orc warrior.
The orc warrior is severely wounded.
The orc priest looks encouraged for a moment.
The orc warrior closely misses you.
You hit the orc warrior.
You feel better.
Your bite misses the orc warrior.
The orc warrior is almost dead.
You can now pass through a line of other dancers.
You hit the orc warrior but do no damage.
You punch the orc warrior, but do no damage.
You bite the orc warrior. You drain its power.
You feel invigorated.
The orc warrior is almost dead.
The orc warrior hits you with a +0 long sword.
* * * LOW HITPOINT WARNING * * *
Okay, then.
You hit the orc warrior but do no damage.
Your bite misses the orc warrior.
The orc warrior is almost dead.
The orc warrior hits you with a +0 long sword!
You die...

####.....# #.### #.....#
#.... ###.#.# #..##
#.#.# #.... #.#.# ##.##
#.#.# #.# #.#.######.##
############.#..........
..soooo@.....#........##
###############.#######.
#.# ###.. ###########.#
#_..# #..........(#
###.. #.########### ##.
#.# ## #.# #.#


You could see an orc warrior, a scorpion, 2 orc priests and an orc.

Vanquished Creatures
  A water moccasin (D:6)
  A black bear (D:6)
  An ogre (D:6)
  A centaur (D:5)
  2 phantoms (D:5)
  A kobold brigand (D:4)
  A necrophage (D:5)
  3 scorpions
  A howler monkey (D:5)
  A jelly (D:5)
  5 orc priests
  A gnoll bouda (D:5)
  2 iguanas
  Robin (D:3)
  7 gnolls
  5 adders
  2 shadow imps (D:6)
  3 ufetubi
  A worm (D:2)
  A dart slug (D:1)
  20 orcs
  A bat (D:2)
  5 endoplasms
  6 giant cockroaches
  15 goblins
  10 hobgoblins
  2 jackals (D:1)
  5 quokkas
  5 ball pythons
  3 frilled lizards
  24 kobolds
  6 rats
143 creatures vanquished.

Vanquished Creatures (others)
  26 plants (D:4)
26 creatures vanquished.

Grand Total: 169 creatures vanquished

Notes
Turn   | Place    | Note
-------+----------+-------------------------------------------
     0 | D:1      | Leeroy the Vine Stalker Warper began the quest for the Orb.
     0 | D:1      | Reached XP level 1. HP: 11/11 MP: 4/4
   275 | D:1      | Reached XP level 2. HP: 15/15 MP: 6/6
   645 | D:1      | Reached XP level 3. HP: 18/18 MP: 7/7
   890 | D:2      | Found Saniel's Assorted Antiques.
  1183 | D:2      | Gained mutation: Your natural rate of healing is unusually
                  | fast. [Vine Stalker growth]
  1183 | D:2      | Reached XP level 4. HP: 18/23 MP: 5/8
  1338 | D:2      | Learned a level 2 spell: Blink
  1342 | D:2      | Learned a level 3 spell: Vhi's Electric Charge
  1578 | D:3      | Found an ornate altar of the Wu Jian Council.
  1807 | D:3      | Noticed Robin
  1824 | D:3      | Killed Robin
  2149 | D:3      | Reached XP level 5. HP: 26/26 MP: 9/9
  2474 | D:4      | Noticed a kobold brigand
  2561 | D:4      | Killed a kobold brigand
  2562 | D:4      | Reached skill level 2 in Dodging
  2562 | D:4      | Reached XP level 6. HP: 16/30 MP: 2/10
  2595 | D:4      | Learned a level 4 spell: Manifold Assault
  2727 | D:4      | HP: 1/30 [orc priest/divine providence (9)]
  2748 | D:4      | Reached skill level 3 in Dodging
  3131 | D:4      | Found a staircase to the Ecumenical Temple.
  3141 | Temple   | Entered the Ecumenical Temple
  3218 | Temple   | Became a worshipper of Uskayaw the Reveller
  3361 | D:4      | Found an opulent altar of Gozag.
  3907 | D:5      | Entered Level 5 of the Dungeon
  3910 | D:5      | Reached * piety under Uskayaw
  3916 | D:5      | Reached ** piety under Uskayaw
  3963 | D:5      | Reached skill level 4 in Dodging
  3963 | D:5      | Reached XP level 7. HP: 23/34 MP: 9/11
  4152 | D:5      | Reached skill level 5 in Dodging
  4303 | D:5      | Reached *** piety under Uskayaw
  4306 | D:5      | Reached skill level 6 in Dodging
  4314 | D:5      | Reached **** piety under Uskayaw
  4319 | D:5      | Gained mutation: You have razor-sharp teeth. [Vine Stalker
                  | growth]
  4319 | D:5      | Reached XP level 8. HP: 38/38 MP: 10/12
  4328 | D:5      | Reached ***** piety under Uskayaw
  4749 | D:6      | Reached skill level 7 in Dodging
  4799 | D:6      | Found a blossoming altar of Fedhas.
  4838 | D:6      | Reached skill level 5 in Long Blades
  4989 | D:6      | Found a sparkling altar of Nemelex Xobeh.
  4989 | D:6      | Found a faded altar of an unknown god.
  5031 | D:6      | Found a stormy altar of Qazlal.
  5033 | D:6      | Found a shimmering blue altar of Sif Muna.
  5035 | D:6      | Found a faded altar of an unknown god.
  5089 | D:6      | Found a glowing silver altar of Zin.
  5089 | D:6      | Found a broken altar of Ashenzari.
  5305 | D:6      | Mangled by an orc warrior

Illustrated notes

Levels and vault maps discovered:
D:1:      minmay_arrival_radiant_lines, layout_basic, minivault_11
D:2:      layout_basic, serial_shops, nicolae_shop_advertising_works
          [nicolae_subvault_shop_adworks]
D:3:      layout_loops_ring, lemuel_round_altar, uniq_robin
D:4:      kennysheep_kobold_camp, layout_loops_corners, kennysheep_little_box,
          minmay_temple_entry_tees, nicolae_figureground_pulse
D:5:      layout_rooms, grunt_decor_resistance
D:6:      layout_loops_ring, chequers_temple_overflow_minitemple,
          fedhas_altar_4, gammafunk_temple_overflow_elements,
          small_statue_intersection, nrook_loot_triangle,
          kennysheep_generic_room_8
Temple:   nicolae_temple_figure_zero

Skill      XL: |  1  2  3  4  5  6  7  8 |
---------------+-------------------------+-----
Long Blades    | 2 3 4 6 |  6.1
Dodging        | 2 4 6 7 |  7.0
Fighting       | |  1.7
Throwing       | |  0.8
Armour         | |  0.7
Spellcasting   | |  2.1
Translocations | |  3.0

Action                     |  1- 3 |  4- 6 |  7- 9 || total
---------------------------+-------+-------+-------++-------
  Melee: Falchion          |    97 |       |       ||    97
         Bite              |    20 |   139 |   104 ||   263
         Dagger            |    12 |   399 |   184 ||   595
         Punch             |       |     3 |     4 ||     7
         Short sword       |       |       |    77 ||    77
   Cast: Blink             |       |     1 |       ||     1
   Stab: Sleeping          |       |     1 |     2 ||     3
         Paralysed         |       |       |     6 ||     6
 Armour: Leather armour    |    27 |    82 |    69 ||   178
  Dodge: Dodged            |    65 |   167 |   194 ||   426

Table legend: (Time is in decaauts)
 A = Elapsed time spent in this place.
 B = Non-inter-level travel time spent in this place.
 C = Inter-level travel time spent in this place.
 D = Time resting spent in this place.
 E = Time spent auto-exploring this place.
 F = Levels seen in this place.
 G = Mean time per level.
                   A        B        C        D        E       F      G
               +--------+--------+--------+--------+--------+-----+--------+
         Total |   5219 |   4924 |    295 |      0 |   3700 |   7 |  745.6 |
       Dungeon |   5135 |   4855 |    280 |      0 |   3648 |   6 |  855.8 |
        Temple |     84 |     69 |     15 |      0 |     52 |   1 |   84.0 |
               +--------+--------+--------+--------+--------+-----+--------+

Top non-repeatable levels by time:
     D:4: 1459 daAuts
     D:1: 796 daAuts
     D:2: 793 daAuts
     D:5: 774 daAuts
     D:3: 734 daAuts
     D:6: 576 daAuts
  Temple: 84 daAuts
